 Dungeon Crawl Stone Soup version 0.18-a0-738-g888b110 (webtiles) character file.

2452 Herrn the Destroyer (level 9, -8/81 HPs)
             Began as a Naga Fire Elementalist on Dec 10, 2015.
             Mangled by Potsanchik's ghost (12 damage)
             ... on level 7 of the Dungeon.
             The game lasted 00:51:34 (9102 turns).

Herrn the Destroyer (Naga Fire Elementalist)        Turns: 9102, Time: 00:51:34

Health: -8/81      AC:  7    Str: 16    XL:     9   Next: 50%
Magic:  12/12      EV: 11    Int: 24    God:
Gold:   402        SH:  3    Dex: 11    Spells: 3 memorised, 5 levels left

rFire  . . .     SeeInvis +     d - +3 whip (flame)
rCold  + . .     Clarity  .     y - +0 robe (curse)
rNeg   . . .     SustAt   .     J - +0 buckler
rPois  +         Gourm    .     (no helmet)
rElec  .         Spirit   .     (no cloak)
rCorr  .         Dismiss  .     s - +1 pair of gloves
rMut   .         Stasis   .     (no barding)
MR     +....                    (no amulet)
Stlth  ++........               H - ring of protection from cold
                                A - +1 ring of protection

@: mighty, brilliant, very slightly contaminated, hasted, quick, somewhat
resistant to hostile enchantments, unstealthy
A: see invisible, deformed body, poison resistance, slowness 2, slow metabolism
1, spit poison 2, AC +3
a: Spit Poison


You were on level 7 of the Dungeon.
You were hungry.

You visited 1 branch of the dungeon, and saw 7 of its levels.

You collected 402 gold pieces.

Inventory:

Hand Weapons
 d - a +3 whip of flaming (weapon)
 v - a +0 rapier
 F - a +0 antimagic hand axe
Armour
 s - a +1 pair of gloves (worn)
 y - a cursed +0 robe (worn)
 E - a +0 robe
 J - a +0 buckler (worn)
 K - a +0 robe
Jewellery
 k - an uncursed ring of invisibility
 o - an uncursed ring of fire
 A - a +1 ring of protection (left hand)
 H - a ring of protection from cold (right hand)
Wands
 B - a wand of random effects (17)
 D - a wand of draining (9)
 G - a wand of cold (5)
Scrolls
 a - a scroll of enchant armour {unknown}
 e - a scroll of amnesia
 p - a scroll of remove curse {unknown}
 q - 2 scrolls of immolation {unknown}
 t - 2 scrolls of recharging
 u - 2 scrolls of random uselessness {unknown}
 w - 3 scrolls of enchant weapon
 I - a scroll of vulnerability {unknown}
Potions
 f - 2 potions of degeneration
 x - 2 potions of brilliance
 C - a potion of might
Books
 b - a book of Flames

   Spells                             Type                      Level
   a - Flame Tongue                   Conjuration/Fire             1
   b - Throw Flame                    Conjuration/Fire             2
   c - Conjure Flame                  Conjuration/Fire             3
   d - Inner Flame                    Hexes/Fire                   3
   e - Sticky Flame                   Conjuration/Fire             4
   f - Fireball                       Conjuration/Fire             5
Comestibles
 c - 6 bread rations
 g - 2 fruits
 h - a meat ration
 j - 2 royal jellies
 r - 3 beef jerkies


   Skills:
 * Level 5.2 Fighting
 * Level 3.0 Axes
 + Level 5.1 Dodging
 - Level 3.0 Stealth
 * Level 1.1 Shields
 - Level 2.0 Spellcasting
 * Level 8.2 Conjurations
 + Level 4.4 Fire Magic


You had 5 spell levels left.
You knew the following spells:

 Your Spells              Type           Power        Failure   Level  Hunger
a - Flame Tongue          Conj/Fire      #####        1%          1    #......
b - Throw Flame           Conj/Fire      #####.       1%          2    ##.....
c - Sticky Flame          Conj/Fire      #####...     1%          4    #####..


Dungeon Overview and Level Annotations

Branches:
Dungeon (7/15)
 Temple: D:4-7

Altars:
Dithmenos
Elyvilon
Gozag
Kikubaaqudgha
Makhleb
Nemelex Xobeh
Ru
Trog
Zin
The Shining One
Beogh

Shops:
D:4 =   D:6 !

Annotations:
D:2 Sigmund
D:7 Potsanchik's ghost, novice SpGl


Innate Abilities, Weirdness & Mutations

You cannot wear boots.
Your serpentine skin is tough (AC +3).
You have supernaturally acute eyesight.
Armour fits poorly on your strangely shaped body.
Your system is resistant to poisons.
You cover ground very slowly.
You have a slow metabolism.
You can spit poison.


Message History

You completely miss Potsanchik's ghost.
Potsanchik's ghost is heavily damaged.
Potsanchik's ghost hits you!
* * * LOW HITPOINT WARNING * * *
You whack Potsanchik's ghost! You burn Potsanchik's ghost.
Potsanchik's ghost is almost destroyed.
Potsanchik's ghost hits you!
* * * LOW HITPOINT WARNING * * *
You completely miss Potsanchik's ghost.
Potsanchik's ghost is almost destroyed.
Potsanchik's ghost closely misses you.
You miss Potsanchik's ghost.
Potsanchik's ghost is almost destroyed.
You closely miss Potsanchik's ghost.
Potsanchik's ghost is almost destroyed.
You block Potsanchik's ghost's attack.
You closely miss Potsanchik's ghost.
Potsanchik's ghost is almost destroyed.
Potsanchik's ghost hits you!
You die...

#....# . #....#
#....# #....#
#....######
##W#.#....#
#.#....#.#
#.######.#
#.W@.....#
##########
###############
#<)..o.o.......
#..############
#......(.#
#........#
#....#####


You could see Potsanchik's ghost.

Vanquished Creatures
  Pikel (D:5)
  Eustachio (D:4)
  2 slaves (D:5)
  2 black bears (D:6)
  An ogre (D:4)
  2 orc warriors (D:6)
  3 centaurs
  A giant frog (D:6)
  A scorpion (D:5)
  A jelly (D:6)
  7 orc wizards
  A centaur zombie (D:5)
  5 orc priests
  2 iguanas (D:4)
  Natasha (thrice) (D:4)
  6 worker ants
  2 hounds
  2 killer bee zombies
  3 hound skeletons
  A worker ant zombie (D:5)
  8 adders
  2 worms
  An adder skeleton (D:3)
  4 giant geckos
  46 orcs
  2 ball pythons
  7 bats
  9 goblins
  10 hobgoblins
  5 jackals
  3 quokkas
  5 giant cockroaches
  A giant cockroach zombie (D:6)
  8 giant newts
  7 rats
165 creatures vanquished.

Vanquished Creatures (others)
  An orc wizard (D:3)
1 creature vanquished.

Grand Total: 166 creatures vanquished

Notes
Turn   | Place    | Note
--------------------------------------------------------------
     0 | D:1      | Herrn the Naga Fire Elementalist began the quest for the Orb.
     0 | D:1      | Reached XP level 1. HP: 15/15 MP: 3/3
   184 | D:1      | Reached skill level 1 in Fighting
   227 | D:1      | Reached XP level 2. HP: 25/25 MP: 1/5
   684 | D:1      | Reached XP level 3. HP: 31/31 MP: 4/6
   750 | D:1      | Learned a level 2 spell: Throw Flame
  1040 | D:2      | Reached XP level 4. HP: 39/39 MP: 5/7
  1106 | D:2      | Noticed Sigmund
  1645 | D:3      | Found an opulent altar of Gozag.
  1754 | D:3      | Found a burning altar of Makhleb.
  1780 | D:3      | Found a sparkling altar of Nemelex Xobeh.
  2169 | D:3      | Found a bloodstained altar of Trog.
  2456 | D:3      | Found a sacrificial altar of Ru.
  2539 | D:4      | Reached XP level 5. HP: 43/46 MP: 1/8
  2892 | D:4      | Reached skill level 4 in Conjurations
  2892 | D:4      | Reached XP level 6. HP: 14/56 MP: 1/9
  3302 | D:4      | Noticed Natasha
  3304 | D:4      | Noticed Eustachio
  3312 | D:4      | Killed Natasha
  3496 | D:4      | Found a white marble altar of Elyvilon.
  3497 | D:4      | Found a glowing golden altar of the Shining One.
  3499 | D:4      | Found a glowing silver altar of Zin.
  3715 | D:4      | Killed Eustachio
  3715 | D:4      | Reached skill level 5 in Conjurations
  3715 | D:4      | Reached XP level 7. HP: 45/62 MP: 3/10
  3767 | D:4      | HP: 3/62 [ogre/giant spiked club (16)]
  4069 | D:4      | Found Uboeff's Jewellery Emporium.
  4129 | D:4      | Noticed Natasha
  4137 | D:4      | Killed Natasha
  4177 | D:4      | Noticed Natasha
  4177 | D:4      | Killed Natasha
  4260 | D:5      | Entered Level 5 of the Dungeon
  4627 | D:5      | Reached skill level 6 in Conjurations
  4812 | D:5      | Found a runed door.
  4986 | D:5      | Reached XP level 8. HP: 72/72 MP: 8/11
  5201 | D:5      | Found a roughly hewn altar of Beogh.
  5309 | D:5      | Learned a level 4 spell: Sticky Flame
  5406 | D:5      | Noticed Pikel
  5434 | D:5      | Killed Pikel
  5434 | D:5      | Reached skill level 1 in Axes
  5434 | D:5      | Reached skill level 7 in Conjurations
  6585 | D:6      | Found Urumuiw's Distillery.
  6610 | D:6      | Reached XP level 9. HP: 80/80 MP: 7/12
  6893 | D:6      | Found a shadowy altar of Dithmenos.
  6894 | D:6      | Found an ancient bone altar of Kikubaaqudgha.
  6921 | D:6      | Found a sparkling altar of Nemelex Xobeh.
  7341 | D:6      | Reached skill level 5 in Fighting
  7400 | D:6      | Reached skill level 8 in Conjurations
  7799 | D:6      | Reached skill level 5 in Dodging
  7799 | D:6      | Reached skill level 1 in Shields
  7977 | D:6      | Found a bloodstained altar of Trog.
  8207 | D:6      | HP: 1/81 [orc warrior/scimitar of holy wrath (23)]
  8642 | D:7      | Noticed Potsanchik's ghost (novice SpGl)
  9098 | D:7      | HP: 4/81 [Potsanchik's ghost (13)]
  9102 | D:7      | Mangled by Potsanchik's ghost

Vault maps used:
D:1:      minmay_arrival_loop, minmay_misc_feat_plants, kennysheep_boxes
D:2:      uniq_sigmund
D:3:      old_standard_altar, nicolae_overflow_hidden_temple,
          nicolae_ru_path_of_blood, lemuel_doored_altar, first_bread,
          nemelex_spade_bored_becter
D:4:      good_gods_temple_1, serial_shops, shop, uniq_natasha, uniq_eustachio
D:5:      lightli_church_of_beogh, uniq_pikel
D:6:      nemelex_altar_shiori, grunt_temple_overflow_open, serial_shops, shop,
          minivault_22, nrook_loot_triangle, trog_ov_bears_minmay
D:7:      minmay_temple_entry_overgrown

Action                   |  1- 3 |  4- 6 |  7- 9 || total
-------------------------+-------+-------+-------++-------
Melee: Unarmed           |     3 |    16 |       ||    19
       Rapier            |       |       |    35 ||    35
       Whip              |       |       |    53 ||    53
 Cast: Flame Tongue      |    19 |    56 |   198 ||   273
       Throw Flame       |       |       |     1 ||     1
 Abil: Spit Poison       |    37 |    37 |   106 ||   180
  Use: Scroll            |       |     3 |     5 ||     8
       Potion            |       |       |    12 ||    12
 Stab: Sleeping          |       |     1 |       ||     1
  Eat: Chunk             |     2 |     9 |    21 ||    32
       Pizza             |       |       |     1 ||     1
